 Dungeon Crawl Stone Soup version 0.31-a0-700-gf13585253f (webtiles) character file.

Game seed: 5672442901164743922

1779 lunkers the Martial Artist (level 9, -3/64 HPs)
             Began as a Meteoran Shapeshifter on Sept 7, 2023.
             Was an Initiate of Ru.
             Slain by a gnoll
             ... wielding a +0 spear
             ... led by a gnoll bouda
              (5 damage)
             ... on level 7 of the Dungeon.
             The game lasted 00:10:47 (2455 turns).

lunkers the Martial Artist (Meteoran Shapeshifter)  Turns: 2455, Time: 00:10:48

Health: -3/64      AC:  4    Str: 16    XL:     9   Next: 54%
Magic:  10/10      EV: 13    Int: 11    God:    Ru [......]
Gold:   298        SH:  0    Dex: 24    Spells: 8/8 levels left

rFire   + .          .
                       - Unarmed
rCold   + + .        (no shield)
rNeg    + . .        q - +1 leather armour of Tortured Beauty {rPois rC+ Dex+3}
rPois   +            (helmet currently unavailable)
rElec   .            (cloak currently unavailable)
rCorr   .            (gloves currently unavailable)
SInv    .            (boots currently unavailable)
Will    +....        m - amulet of regeneration
Stlth   +            x - ring "Plog" {rPois rF+ rC+ Dex+2}
HPRegen 1.10/turn    E - ring of positive energy
MPRegen 0.12/turn

%: no passive effects
@: beast-form, glowing
A: beast (slay +4), sense surroundings 2, otherworldly, glowing, explore regen
a: Begin Untransformation, Renounce Religion


You were on level 7 of the Dungeon.
You worshipped Ru.
Ru was noncommittal.
You were a hulking beast.
You visited 2 branches of the dungeon, and saw 8 of its levels.
You also visited: Sewer.

You collected 298 gold pieces.

Inventory:

Missiles
 f - 4 throwing nets
Armour
 a - a +0 animal skin
 i - a +1 cloak of preservation
 p - a +0 plate armour of positive energy
 q - the +1 leather armour of Tortured Beauty (worn) {rPois rC+ Dex+3}
   (You found it on level 3 of the Dungeon)

   Dex+3:     It affects your dexterity (+3).
   rC+:       It protects you from cold.
   rPois:     It protects you from poison
Jewellery
 m - an amulet of regeneration (around neck)
 u - an amulet of faith
 x - the ring "Plog" (left hand) {rPois rF+ rC+ Dex+2}
   (You found it on level 7 of the Dungeon)

   [ring of protection from cold]

   Dex+2:     It affects your dexterity (+2).
   rF+:       It protects you from fire.
   rC+:       It protects you from cold.
   rPois:     It protects you from poison
 D - a ring of wizardry
 E - a ring of positive energy (right hand)
Talismans
 c - a beast talisman (active)
 d - a flux talisman
Wands
 b - a wand of flame (5)
 C - a wand of light (9)
Scrolls
 j - a scroll of noise
 v - 3 scrolls of revelation
 y - 2 scrolls of fear
Potions
 e - 2 potions of enlightenment
 g - a potion of mutation
 h - a potion of attraction {unknown}
 k - a potion of lignification
 n - a potion of heal wounds {unknown}
 o - a potion of invisibility {unknown}
 r - a potion of ambrosia {unknown}
 s - 3 potions of curing {unknown}
 t - a potion of resistance {unknown}
 w - 2 potions of brilliance {unknown}
 A - a potion of might {unknown}


   Skills:
 - Level 1.1 Fighting
 - Level 2.1 Dodging
 * Level 11.6 Unarmed Combat
 + Level 8.1 Shapeshifting


You had 8 spell levels left.
You didn't know any spells.
Your spell library contained the following spells:

 Spells                   Type           Power      Damage    Failure   Level
 Kiss of Death            Conj/Necr      0%         2d5       41%         1
 Confusing Touch          Hex            0%         N/A       78%         3
 Hailstorm                Conj/Ice       0%         3d3       78%         3
 Dispel Undead            Necr           0%         3d6       99%         4
 Summon Ice Beast         Ice/Summ       0%         N/A       99%         4
 Summon Forest            Summ/Tloc      0%         N/A       100%        5
 Eringya's Noxious Bog    Tmut/Pois      0%         4d6       100%        6
 Simulacrum               Ice/Necr       0%         N/A       100%        6
 Summon Hydra             Summ           0%         N/A       100%        7


Dungeon Overview and Level Annotations

Branches:
Dungeon (7/15) Zot: 1960   Temple (1/1) D:6 Zot: 509   Sewer (visited)

Altars:
Ashenzari
Cheibriados
Dithmenos
Elyvilon
Fedhas
Gozag
Hepliaklqana
Kikubaaqudgha
Makhleb
Nemelex Xobeh
Okawaru
Qazlal
Ru
Uskayaw
Vehumet
Wu Jian
Xom
Yredelemnul
Zin
The Shining One

Shops:
D:4 *


Innate Abilities, Weirdness & Mutations

You are a hulking beast.
Your limbs bulge with bestial killing power. (Slay +4)
You passively map the area around you.
You are easily found by Zot.
You glow in the dark.
You regain HP and MP as you explore.


Message History

You struggle against the net.
The gnoll barely misses you.
The gnoll hits you from afar with a +0 spear. x2
* * * LOW HITPOINT WARNING * * *
You struggle against the net.
The gnoll hits you from afar with a +0 spear.
* * * LOW HITPOINT WARNING * * *
The gnoll hits you from afar with a +0 spear.
* * * LOW HITPOINT WARNING * * *
The gnoll hits you from afar with a +0 spear.
* * * LOW HITPOINT WARNING * * *
You shred the net and break free! The gnoll closely misses you.
The gnoll hits you from afar with a +0 spear.
* * * LOW HITPOINT WARNING * * *
The gnoll misses you.
Unknown command.
The gnoll attacks as it pursues you!
The gnoll hits you from afar with a +0 spear.
* * * LOW HITPOINT WARNING * * *
The gnoll hits you from afar with a +0 spear.
* * * LOW HITPOINT WARNING * * *
Things that are here:
a +0 dagger; an orc corpse The gnoll hits you with a +0 spear.
* * * LOW HITPOINT WARNING * * *
The gnoll hits you from afar with a +0 spear.
* * * LOW HITPOINT WARNING * * *
The gnoll misses you.
You see here a throwing net.
You barely miss the gnoll.
The gnoll is no longer moving quickly.
Unknown command.
You punch the gnoll!
You kill the gnoll!
The gnoll hits you from afar with a +0 spear.
* * * LOW HITPOINT WARNING * * *
The gnoll hits you from afar with a +0 spear.
* * * LOW HITPOINT WARNING * * *
The gnoll hits you with a +0 spear!
* * * LOW HITPOINT WARNING * * *
The gnoll hits you with a +0 spear.
You die...

........#...######..##*
.............#
,......### , *
.............# ..8....,
.............# , ....#*
** .............####
#..#* ,
................# #)#
...............####)#
........†......g##.)#
**
..........##...gh()##
..........##....####
...........#....#.##
...................# *
*
......###.......(.....,
.........#..........##
* +*
.......g.#.=........# ,
.............##.....#
,,
...........#..#.....#,


You could see 2 gnolls.

Vanquished Creatures
  4 water moccasins
  Pargi (Sewer)
  A centaur (D:6)
  2 ogres
  A phantom (D:3)
  4 scorpions
  A howler monkey (D:6)
  Crazy Yiuf (D:2)
  4 hounds
  2 jellies
  2 orc priests
  2 gnoll boudas
  2 iguanas (D:5)
  A sleepcap (D:5)
  10 gnolls
  9 adders
  2 dart slugs (D:1)
  A worm (D:3)
  20 orcs
  8 bats
  6 endoplasms
  5 giant cockroaches
  A goblin (D:1)
  7 hobgoblins
  2 kobolds
  4 quokkas
  9 ball pythons
  5 frilled lizards
  6 rats
123 creatures vanquished.

Notes
Turn   | Place    | Note
-------+----------+-------------------------------------------
     0 | D:1      | lunkers the Meteoran Shapeshifter began the quest for the
                  | Orb.
     0 | D:1      | Reached XP level 1. HP: 16/16 MP: 2/2
    43 | D:1      | Reached XP level 2. HP: 19/23 MP: 3/3
    59 | D:1      | Reached skill level 4 in Unarmed Combat
   214 | D:1      | Reached XP level 3. HP: 15/28 MP: 4/4
   372 | D:2      | Reached XP level 4. HP: 35/35 MP: 5/5
   466 | D:2      | Found a runed translucent door.
   467 | D:2      | Noticed Crazy Yiuf
   473 | D:2      | Killed Crazy Yiuf
   474 | D:2      | Reached skill level 5 in Unarmed Combat
   547 | D:2      | Reached XP level 5. HP: 40/40 MP: 6/6
   975 | D:3      | Reached skill level 6 in Unarmed Combat
  1031 | D:3      | Reached XP level 6. HP: 16/47 MP: 7/7
  1063 | D:3      | Identified the +1 leather armour of Tortured Beauty {rPois
                  | rC+ Dex+3}
  1137 | D:3      | Reached skill level 5 in Shapeshifting
  1193 | D:3      | Reached skill level 7 in Unarmed Combat
  1318 | D:4      | Found a glowing drain.
  1355 | Sewer    | Entered a sewer
  1397 | Sewer    | Noticed Pargi
  1401 | Sewer    | Killed Pargi
  1402 | Sewer    | Reached XP level 7. HP: 52/52 MP: 8/8
  1486 | D:4      | Reached skill level 8 in Unarmed Combat
  1505 | D:4      | Found Vynoal's General Store.
  1544 | D:5      | Entered Level 5 of the Dungeon
  1561 | D:5      | Reached XP level 8. HP: 10/59 MP: 9/9
  1589 | D:5      | Identified the +1 robe of Ennui {+Inv}
  1773 | D:5      | HP: 1/59 [gnoll/+0 halberd (4)]
  1788 | D:5      | Reached skill level 9 in Unarmed Combat
  1852 | D:6      | Found a staircase to the Ecumenical Temple.
  1863 | Temple   | Entered the Ecumenical Temple
  1902 | Temple   | Became a worshipper of Ru the Awakened
  1997 | D:6      | Reached skill level 10 in Unarmed Combat
  2083 | D:6      | Gained mutation: You passively map the area around you.
                  | [Meteoran growth]
  2083 | D:6      | Reached XP level 9. HP: 59/64 MP: 10/10
  2279 | D:6      | Reached skill level 11 in Unarmed Combat
  2391 | D:7      | Identified the ring "Plog" {rPois rF+ rC+ Dex+2}
  2455 | D:7      | HP: 2/64 [gnoll/+0 spear[a gnoll bouda] (9)]
  2455 | D:7      | Slain by a gnoll

Illustrated notes

Levels and vault maps discovered:
D:1:      dpeg_arrival_rooms_c, layout_rooms, dilly_ecumenical_altar_fadedgnrine
D:2:      cheibrodos_helix_gallery, layout_loops_ring, minmay_crystal_water,
          uniq_crazy_yiuf_cottage
D:3:      layout_rooms, trog_wizard, st_stairs_6
D:4:      layout_layer_cave, serial_shops, nicolae_shop_back_alley_shop,
          cheibrodos_sewer_entry_sluice, hangedman_glass_teeth
D:5:      layout_rooms
D:6:      layout_loops_cross, minmay_temple_entry_statues_fountains,
          minmay_pentangle
D:7:      layout_cave_pools, nicolae_sif_muna_little_library,
          grunt_ministairs_14
Temple:   mainiacjoe_temple_big_plus

Skill      XL: |  1  2  3  4  5  6  7  8  9 |
---------------+----------------------------+-----
Unarmed Combat | 4 5 6 7 8 10 11 | 11.6
Shapeshifting  | 4 5 6 7 8 |  8.1
Fighting       | |  1.1
Dodging        | |  2.1

Action                     |  1- 3 |  4- 6 |  7- 9 || total
---------------------------+-------+-------+-------++-------
  Melee: Unarmed           |    66 |   116 |   174 ||   356
         Punch             |     3 |     4 |     8 ||    15
  Evoke: Wand              |       |     2 |     2 ||     4
    Use: Potion            |       |     1 |       ||     1
         Scroll            |       |       |    16 ||    16
   Stab: Sleeping          |       |       |     1 ||     1
 Armour: Animal skin       |    37 |    38 |       ||    75
         Skin              |       |     2 |       ||     2
         Leather armour    |       |    42 |   107 ||   149
  Dodge: Dodged            |    37 |    72 |   111 ||   220

Table legend: (Time is in decaauts)
 A = Elapsed time spent in this place.
 B = Non-inter-level travel time spent in this place.
 C = Inter-level travel time spent in this place.
 D = Time resting spent in this place.
 E = Time spent auto-exploring this place.
 F = Levels seen in this place.
 G = Mean time per level.
                   A        B        C        D        E       F      G
               +--------+--------+--------+--------+--------+-----+--------+
         Total |   2417 |   2290 |    127 |     16 |   1126 |   9 |  268.6 |
       Dungeon |   2239 |   2187 |     52 |     16 |   1106 |   7 |  319.9 |
        Temple |     90 |     15 |     75 |      0 |      0 |   1 |   90.0 |
         Sewer |     87 |     87 |      0 |      0 |     20 |   1 |   87.0 |
               +--------+--------+--------+--------+--------+-----+--------+

Top non-repeatable levels by time:
     D:2: 654 daAuts
     D:6: 455 daAuts
     D:3: 363 daAuts
     D:1: 263 daAuts
     D:5: 237 daAuts
     D:4: 171 daAuts
     D:7: 94 daAuts
  Temple: 90 daAuts
   Sewer: 87 daAuts
